 Dungeon Crawl Stone Soup version 0.28-a0-691-gad6df49e81 (webtiles) character file.

Game seed: 6355583648326582207

65 kae the Ruffian (level 3, -2/29 HPs)
             Began as a Draconian Transmuter on Oct 21, 2021.
             Succumbed to an adder's poison
             ... on level 2 of the Dungeon.
             The game lasted 00:00:59 (1982 turns).

kae the Ruffian (Draconian Transmuter)              Turns: 1982, Time: 00:01:00

Health: -2/29      AC:  5    Str: 12    XL:     3   Next: 92%
Magic:  6/6        EV: 12    Int: 14    God:
Gold:   46         SH:  0    Dex: 11    Spells: 2/6 levels left

rFire   . . .      SeeInvis .     - Unarmed
rCold   . . .      Faith    .   (no shield)
rNeg    . . .      Spirit   .   (armour unavailable)
rPois   .          Reflect  .   (helmet restricted)
rElec   .          Harm     .   (no cloak)
rCorr   .          Rampage  .   (no gloves)
Will    .....                   (no boots)
Stlth   +.........              (no amulet)
HPRegen 0.09/turn               (no ring)
MPRegen 0.10/turn               (no ring)

@: lethally poisoned (-2 -> -17), hasted, very quick
A: AC +5, unfitting armour, cold-blooded
a: no special abilities


You were on level 2 of the Dungeon.
You visited 1 branch of the dungeon, and saw 2 of its levels.

You collected 46 gold pieces.

Inventory:

Scrolls
 b - a scroll of amnesia {unknown}
 c - a scroll of identify {unknown}
 d - a scroll of blinking {unknown}
 e - a scroll of acquirement {unknown}
Potions
 a - a potion of haste


   Skills:
 + Level 1.9 Fighting
 - Level 1.7 Dodging
 * Level 3.7 Unarmed Combat
 - Level 2.0 Spellcasting
 * Level 3.0 Transmutations
 * Level 1.0 Poison Magic


You had 2 spell levels left.
You knew the following spells:

 Your Spells              Type           Power      Damage    Failure   Level
a - Beastly Appendage     Tmut           18%        N/A       7%          1
b - Spider Form           Tmut/Pois      3%         N/A       30%         3

Your spell library contained the following spells:

 Spells                   Type           Power      Damage    Failure   Level
 Wereblood                Tmut           9%         N/A       11%         2
 Sublimation of Blood     Necr           0%         N/A       34%         2
 Ice Form                 Ice/Tmut       5%         N/A       77%         4
 Summon Hydra             Summ           0%         N/A       100%        7


Dungeon Overview and Level Annotations

Branches:
Dungeon (2/15)

Altars:


Innate Abilities, Weirdness & Mutations

Your plain brown scales are hard. (AC +5)
You cannot fit into any form of body armour.
You are cold-blooded and may be slowed by cold attacks.


Message History

You barely miss the adder.
The adder is lightly wounded.
You feel very sick. The adder bites you.
You are lethally poisoned!
The adder poisons you!
There is a lethal amount of poison in your body!
You are too injured to fight recklessly!
You are too injured to fight recklessly!
There is a lethal amount of poison in your body!
You are too injured to fight recklessly!
You are too injured to fight recklessly!
There is a lethal amount of poison in your body!
You are too injured to fight recklessly!
You are too injured to fight recklessly!
You miss the adder.
You headbutt the adder, but do no damage.
Your punch misses the adder.
The adder is lightly wounded.
You feel very sick. The adder closely misses you.
You miss the adder.
The adder is lightly wounded.
* * * LOW HITPOINT WARNING * * *
You feel very sick.
The adder bites you but does no damage. x2
You closely miss the adder. Your kick misses the adder.
Your tail-slap misses the adder.
The adder is lightly wounded.
Your horns disappear.
Your talons disappear.
* * * LOW HITPOINT WARNING * * *
You feel sick. The adder closely misses you.
You feel yourself speed up.
* * * LOW HITPOINT WARNING * * *
You feel sick. The adder bites you.
* * * LOW HITPOINT WARNING * * *
You are more poisoned.
The adder poisons you!
Unknown command.
You die...

### #.. #.# #.#
#.# #S# #####.#
#.. #...@.# #.#
#. #.##### #>#
#.# #.# #.#
#.#### #.# #.#
#.#.P. #.# #.#
#.#P.P #.# #.#
#.#PPP #.#
#######.####.#.P.
#.#
#..........#..#..
#.#
#.#..........##..


You could see an adder.

Vanquished Creatures
  An adder (D:2)
  2 dart slugs (D:1)
  4 endoplasms
  A giant cockroach (D:1)
  7 goblins
  4 hobgoblins (D:1)
  9 jackals
  3 quokkas (D:1)
  4 ball pythons
  4 bats
  4 kobolds
  A rat (D:1)
44 creatures vanquished.

Vanquished Creatures (others)
  2 demonic plants (D:2)
  2 fungi (D:2)
4 creatures vanquished.

Grand Total: 48 creatures vanquished

Notes
Turn   | Place    | Note
-------+----------+-------------------------------------------
     0 | D:1      | kae the Draconian Transmuter began the quest for the Orb.
     0 | D:1      | Reached XP level 1. HP: 16/16 MP: 3/3
    95 | D:1      | Reached XP level 2. HP: 7/23 MP: 5/5
   910 | D:1      | Reached XP level 3. HP: 25/29 MP: 4/6
   914 | D:1      | Learned a level 3 spell: Spider Form
  1896 | D:2      | Reached skill level 1 in Poison Magic
  1906 | D:2      | Found a faded altar of an unknown god.
  1981 | D:2      | HP: 1/29 [adder (4)]
  1982 | D:2      | Succumbed to an adder's poison

Illustrated notes

Levels and vault maps discovered:
D:1:      dpeg_arrival_fog, layout_loops_corners, minmay_splitting_lines,
          serial_bayou_lake_a
D:2:      layout_loops_ring, shapermc_ecumenical_altar_gd,
          minmay_misc_feat_alley, minmay_tetromino_l2

Skill      XL: |  1  2  3 |
---------------+----------+-----
Transmutations | 3 |  3.0
Poison Magic   | 1 |  1.0
Fighting       | |  1.9
Dodging        | |  1.7
Unarmed Combat | |  3.7
Spellcasting   | |  2.0

Action                   || total
-------------------------++-------
Melee: Unarmed           ||   144
       Kick              ||    15
       Headbutt          ||    15
       Tailslap          ||    11
       Punch             ||     2
 Cast: Beastly Appendage ||    20
  Use: Potion            ||     1
Armor: Skin              ||    63
Dodge: Dodged            ||    88

Table legend: (Time is in decaauts)
 A = Elapsed time spent in this place.
 B = Non-inter-level travel time spent in this place.
 C = Inter-level travel time spent in this place.
 D = Time resting spent in this place.
 E = Time spent auto-exploring this place.
 F = Levels seen in this place.
 G = Mean time per level.
                   A        B        C        D        E       F      G
               +--------+--------+--------+--------+--------+-----+--------+
         Total |   1991 |   1980 |     11 |      0 |   1684 |   2 |  995.5 |
       Dungeon |   1991 |   1980 |     11 |      0 |   1684 |   2 |  995.5 |
               +--------+--------+--------+--------+--------+-----+--------+

Top non-repeatable levels by time:
     D:1: 1565 daAuts
     D:2: 426 daAuts
